[Event "Late-Titled-Tuesday-Blitz-November-28-2023"]
[Site "Chess.com"]
[Date "2023.11.28"]
[Round "9"]
[White "grandemestregringo"]
[Black "SalihEke"]
[Result "1-0"]
[WhiteElo "2658"]
[BlackElo "2510"]
[TimeControl "180+1"]
[EndTime "15:35:49 PST"]
[Termination "grandemestregringo won by resignation"]

1. f4 d5 2. Nf3 Nf6 3. e3 g6 4. c4 Bg7 5. cxd5 Nxd5 6. d4 O-O 7. e4 Nb6 8. Nc3 c5 9. d5 e6 10. d6 e5 11. fxe5 Nc6 12. Bg5 Qe8 13. Bb5 Bd7 14.
Bxc6 Bxc6 15. Be7 Bxe5 16. Nxe5 1-0

[Event "Late-Titled-Tuesday-Blitz-November-28-2023"]
[Site "Chess.com"]
[Date "2023.11.28"]
[Round "9"]
[White "cthulhuuu"]
[Black "NCchamp"]
[Result "1-0"]
[WhiteElo "2501"]
[BlackElo "2371"]
[TimeControl "180+1"]
[EndTime "15:37:13 PST"]
[Termination "cthulhuuu won by checkmate"]

1. e4 c6 2. d3 d5 3. Nd2 dxe4 4. dxe4 e5 5. Ngf3 f6 6. Nxe5 fxe5 7. Qh5+ Kd7 8. Nc4 Kc7 9. Qxe5+ Bd6 10. Qxg7+ Ne7 11.
Nxd6 Kxd6 12. Bf4+ Kc5 13. Qc3+ Kb6 14. Qb4# 1-0

[Event "Late-Titled-Tuesday-Blitz-November-28-2023"]
[Site "Chess.com"]
[Date "2023.11.28"]
[Round "9"]
[White "YellowJacek"]
[Black "MathiasWomacka"]
[Result "0-1"]
[WhiteElo "2347"]
[BlackElo "2519"]
[TimeControl "180+1"]
[EndTime "15:37:21 PST"]
[Termination "MathiasWomacka won by resignation"]

1. c4 c5 2. g3 Nf6 3. Bg2 d5 4. cxd5 Nxd5 5. Nc3 Nc7 6. Nf3 Nc6 7. O-O e5 8. d3 Be7 9. Be3 O-O 10. Qc1 Ne6 11. Na4 Qa5 12. b3 Bd7 13. Nb2 Ned4 14. Nxd4 exd4 15. Bf4 Bg4 16. Re1 Rac8 17. Nc4 Qd8 18.
h3 Be6 19. Ne5 Nxe5 20. Bxe5 Qd7 21. Qf4 f6 0-1

[Event "Late-Titled-Tuesday-Blitz-November-28-2023"]
[Site "Chess.com"]
[Date "2023.11.28"]
[Round "9"]
[White "rdarruda"]
[Black "Schwindle"]
[Result "1-0"]
[WhiteElo "2520"]
[BlackElo "2380"]
[TimeControl "180+1"]
[EndTime "15:38:35 PST"]
[Termination "rdarruda won by resignation"]

1. d4 Nf6 2. Nf3 e6 3. c4 c5 4. d5 exd5 5. cxd5 d6 6. Nc3 g6 7. e4 Bg7 8. Be2 O-O 9. O-O a6 10. a4 Re8 11. Nd2 Nbd7 12. f3 Nh5 13. Nc4 Ne5 14.
g4 Nxc4 15. Bxc4 Bd4+ 16. Kg2 Ng7 17. Ne2 Be5 18. f4 Bf6 19. g5 Be7 20. Ng3 Bd7 21. h4 b5 22. axb5 axb5 23. Rxa8 Qxa8 24. Be2 f5 25. e5 Rd8 26. Bf3 Qa2 27. h5 dxe5 28.
fxe5 f4 29. Bxf4 Nf5 30. Nxf5 Bxf5 31. d6 Bf8 32. Bd5+ 1-0

[Event "Late-Titled-Tuesday-Blitz-November-28-2023"]
[Site "Chess.com"]
[Date "2023.11.28"]
[Round "9"]
[White "TanitoluwaAps116"]
[Black "FontVella8"]
[Result "0-1"]
[WhiteElo "2679"]
[BlackElo "2591"]
[TimeControl "180+1"]
[EndTime "15:38:57 PST"]
[Termination "FontVella8 won by resignation"]

1. e4 c6 2. d4 d5 3. exd5 cxd5 4. Bd3 Nf6 5. c3 Nc6 6. Nf3 Bg4 7. h3 Bh5 8. O-O e6 9. Re1 Bd6 10. Nbd2 Qc7 11.
Qc2 O-O 12. b3 Rac8 13. Qb1 Bf4 14. Bb2 Rfd8 15. a3 a6 16. b4 Ne7 17. Ne5 Bxd2 18. Rf1 Bf4 19. c4 dxc4 20. Nxc4 Ned5 21. Ne5 Bg6 0-1

[Event "Late-Titled-Tuesday-Blitz-November-28-2023"]
[Site "Chess.com"]
[Date "2023.11.28"]
[Round "9"]
[White "Real_taiatai"]
[Black "CraiggoryC"]
[Result "1-0"]
[WhiteElo "2380"]
[BlackElo "2178"]
[TimeControl "180+1"]
[EndTime "15:39:08 PST"]
[Termination "Real_taiatai won by resignation"]

1. e4 e6 2. Nf3 d5 3. exd5 exd5 4. d4 Bd6 5. Be2 Nc6 6. O-O Nge7 7. c3 Bg4 8. Re1 Qd7 9. Be3 O-O-O 10. Nbd2 f6 11. b4 Rde8 12. Nb3 Nf5 13. Bd2 g5 14. a4 h5 15. a5 Rxe2 16. Qxe2 Nh4 17. b5 Bxf3 18. bxc6 Bxh2+ 19. Kxh2 Qd6+ 20. Bf4 Qxf4+ 21. g3 Bxe2 22. gxf4 Nf3+ 23. Kh1 Nxe1 24. cxb7+ Kxb7 25. Rxe1 Bf3+ 26. Kh2 gxf4 27. Re6 Rg8 28. Rxf6 Rg2+ 29. Kh3 Kc8 30. Nc5 Kd8 31. Rxf4 Rxf2 32. Kg3 Ra2 33. Rxf3 Rxa5 34. Kf4 Ra3 35. Ke5 c6 36. Kd6 Ke8 37. Ne6 1-0

[Event "Late-Titled-Tuesday-Blitz-November-28-2023"]
[Site "Chess.com"]
[Date "2023.11.28"]
[Round "9"]
[White "Dr_crypt"]
[Black "Dino_Ballecer"]
[Result "0-1"]
[WhiteElo "2404"]
[BlackElo "2586"]
[TimeControl "180+1"]
[EndTime "15:39:17 PST"]
[Termination "Dino_Ballecer won by resignation"]

1. Nf3 Nf6 2. d4 c5 3. d5 e6 4.
Nc3 exd5 5. Nxd5 Nxd5 6. Qxd5 Nc6 7. Bg5 Be7 8. Bxe7 Qxe7 9. O-O-O Nb4 10. Qb3 d6 11. e3 O-O 12. a3 Be6 13. Bc4 d5 14. Bb5 a6 15. axb4 axb5 16. bxc5 d4 17. Qxb5 dxe3 18.
fxe3 Rfc8 19. Nd4 Rxc5 20. Qd3 Bc4 21. Nf5 Rxf5 22. Qxf5 Qxe3+ 23. Kb1 Ba2+ 24. Ka1 Be6+ 25. Kb1 Bxf5 0-1

[Event "Late-Titled-Tuesday-Blitz-November-28-2023"]
[Site "Chess.com"]
[Date "2023.11.28"]
[Round "9"]
[White "KVAIDAN"]
[Black "GiorgianBarbosa"]
[Result "0-1"]
[WhiteElo "2386"]
[BlackElo "2533"]
[TimeControl "180+1"]
[EndTime "15:39:20 PST"]
[Termination "GiorgianBarbosa won by resignation"]

1. f4 Nf6 2. Nf3 g6 3. d3 Bg7 4. e4 O-O 5. Be2 c5 6. O-O Nc6 7. Nc3 e6 8. Qe1 d5 9. Qh4 Nd4 10. Bd1 b5 11. f5 exf5 12. Bg5 dxe4 13. dxe4 Nxf3+ 14. Bxf3 Qd4+ 15. Kh1 Nxe4 16. Bxe4 fxe4 17.
Rad1 Qe5 18. Nxe4 Bb7 19. Nf6+ Bxf6 20. Bxf6 Qe2 21. Qh3 Rfe8 22. Rc1 Re3 23. Rf2 Qxf2 24. Qg4 Qe1+ 0-1

[Event "Late-Titled-Tuesday-Blitz-November-28-2023"]
[Site "Chess.com"]
[Date "2023.11.28"]
[Round "9"]
[White "TreinadorBR"]
[Black "Mariia89"]
[Result "1-0"]
[WhiteElo "2349"]
[BlackElo "2149"]
[TimeControl "180+1"]
[EndTime "15:39:21 PST"]
[Termination "TreinadorBR won by resignation"]

1. e4 c6 2. d4 d5 3. exd5 cxd5 4. Bd3 Nf6 5. h3 Nc6 6. c3 e5 7. dxe5 Nxe5 8. Nf3 Nxd3+ 9. Qxd3 Be7 10. O-O O-O 11.
Re1 Re8 12. Bg5 Be6 13. Nbd2 h6 14. Bh4 Qd7 15. Nd4 Bd8 16. N2f3 Bc7 17. Re2 a6 18.
Bxf6 gxf6 19. Rae1 Qd6 20. Nf5 Qf4 21. Ng3 Red8 22. Nh5 Qd6 23. Nxf6+ Kg7 24. Nh5+ Kg8 25. Nf6+ Kg7 26. Qd4 Kf8 27. Nh7+ Ke7 28. Qf6+ Kd7 29.
Qxh6 Rg8 30. Nf6+ Kc6 31. Nxg8 Rxg8 32. Nd4+ Kb6 33. Rxe6 fxe6 34. Rxe6 1-0

[Event "Late-Titled-Tuesday-Blitz-November-28-2023"]
[Site "Chess.com"]
[Date "2023.11.28"]
[Round "9"]
[White "katharinareinecke"]
[Black "PNEPaul"]
[Result "0-1"]
[WhiteElo "1997"]
[BlackElo "1872"]
[TimeControl "180+1"]
[EndTime "15:39:24 PST"]
[Termination "PNEPaul won by checkmate"]

1. d4 a6 2. Nf3 d6 3. g3 g6 4. Bg2 h6 5. O-O Bg7 6. c4 Nd7 7. Nc3 e6 8. e4 Ne7 9. Re1 O-O 10. b3 Rb8 11. Bb2 b6 12. Qc2 Bb7 13. d5 e5 14.
Nd2 f5 15. exf5 gxf5 16. Ne2 Qe8 17. f4 Qg6 18. fxe5 dxe5 19. Nf3 f4 20. gxf4 Qxc2 21. Nxe5 Nxe5 22. Bxe5 Bxe5 23. fxe5 Nf5 24. e6 Ne3 25.
Rac1 Qg6 26. Ng3 Nxg2 27. Kxg2 Rbe8 28. h4 Qg4 29. Re4 Qf3+ 30. Kh3 Rf4 31. Rf1 Qg4+ 32.
Kh2 Rxe4 33. Nf5 Re2+ 34. Kh1 Qg2# 0-1

[Event "Late-Titled-Tuesday-Blitz-November-28-2023"]
[Site "Chess.com"]
[Date "2023.11.28"]
[Round "9"]
[White "jinxy2009"]
[Black "falzehope0"]
[Result "1-0"]
[WhiteElo "2288"]
[BlackElo "2332"]
[TimeControl "180+1"]
[EndTime "15:39:27 PST"]
[Termination "jinxy2009 won by resignation"]

1. e4 d5 2. exd5 Nf6 3. d4 Qxd5 4. c4 Qe4+ 5. Be2 e5 6. dxe5 Qxe5 7. Nf3 Qh5 8. O-O Bd6 9. Nc3 Bg4 10. Re1 O-O 11.
Nd5 Bxf3 12. Bxf3 Qxh2+ 13. Kf1 Nxd5 14. cxd5 Na6 15. Be3 Rfe8 16. Qc2 g6 17. Ke2 f5 18. Rh1 Qe5 19. g3 f4 20. gxf4 Qxf4 21. Qc3 Re7 22.
Rag1 Rae8 23. Rxg6+ hxg6 24. Qh8+ 1-0

[Event "Late-Titled-Tuesday-Blitz-November-28-2023"]
[Site "Chess.com"]
[Date "2023.11.28"]
[Round "9"]
[White "The_Princess_Moon"]
[Black "HajiyevKanan"]
[Result "1-0"]
[WhiteElo "2401"]
[BlackElo "2480"]
[TimeControl "180+1"]
[EndTime "15:39:48 PST"]
[Termination "The_Princess_Moon won by resignation"]

1. e4 c6 2. d4 d5 3. exd5 cxd5 4. Bd3 Nc6 5. c3 Nf6 6. h3 g6 7. Nf3 Bg7 8. O-O O-O 9. Re1 Qc7 10. Bg5 Bf5 11.
Bxf5 gxf5 12. Qd3 e6 13. Bxf6 Bxf6 14. Nbd2 Qf4 15. g3 Qh6 16. Kg2 Kh8 17. Qe3 Qxe3 18. Rxe3 Rab8 19. Ne5 Bxe5 20. dxe5 b5 21. Nb3 b4 22.
cxb4 Rxb4 23. Rc1 Nd4 24. Rc7 Nxb3 25. Rxb3 Rxb3 26. axb3 a5 27. Ra7 Rb8 28. Rxf7 Rxb3 29. Re7 Rb6 30. Kf3 Kg8 31. Kf4 Kf8 32. Rxh7 Rxb2 33.
Kg5 Rxf2 34. Kf6 Kg8 35. Rg7+ Kf8 36. Ra7 Kg8 37. Kxe6 Rf3 38. Kf6 Rxg3 39. e6 Rxh3 40. Ra8+ Kh7 41. e7 Re3 42. e8=Q Rxe8 43. Rxe8 f4 44. Kg5 f3 45. Rf8 Kg7 46. Rxf3 a4 47.
Ra3 1-0

[Event "Late-Titled-Tuesday-Blitz-November-28-2023"]
[Site "Chess.com"]
[Date "2023.11.28"]
[Round "9"]
[White "Angry_Twin"]
[Black "ChessSwole"]
[Result "1-0"]
[WhiteElo "2955"]
[BlackElo "2698"]
[TimeControl "180+1"]
[EndTime "15:39:49 PST"]
[Termination "Angry_Twin won by checkmate"]

1. e4 e6 2. d4 d5 3. Nd2 c5 4. exd5 Qxd5 5. Ngf3 cxd4 6. Bc4 Qd6 7. O-O Nf6 8. Nb3 Bd7 9. Nbxd4 a6 10. Re1 Qc7 11.
Bb3 Nc6 12. c3 Be7 13. Bg5 O-O 14. Qe2 Rfd8 15. Bh4 Nh5 16. Bxe7 Nxe7 17. Ne5 Nf4 18. Qf3 Neg6 19. Nxf7 Kxf7 20. Rxe6 Bxe6 21. Nxe6 Qe5 22. Nxd8+ Ke8 23. Qxb7 Rb8 24. Ba4+ Kf8 25. Qf7# 1-0

[Event "Late-Titled-Tuesday-Blitz-November-28-2023"]
[Site "Chess.com"]
[Date "2023.11.28"]
[Round "9"]
[White "Mikhail_Golubev"]
[Black "IMRosen"]
[Result "0-1"]
[WhiteElo "2589"]
[BlackElo "2711"]
[TimeControl "180+1"]
[EndTime "15:39:50 PST"]
[Termination "IMRosen won by resignation"]

1. e4 c5 2. Nf3 e6 3. d4 cxd4 4. Nxd4 Nc6 5. Nc3 Qc7 6. Be3 a6 7. Bd3 Nf6 8. O-O Nxd4 9. Bxd4 Bc5 10. Be2 d6 11. Qd2 Bxd4 12. Qxd4 e5 13. Qd2 Be6 14. Rad1 Rd8 15. Qg5 O-O 16. Rd3 h6 17. Qh4 Kh7 18.
Rfd1 b5 19. a3 Qc5 20. Rg3 Rg8 21. Rdd3 g5 22. Rxg5 Rxg5 23. Rg3 Rdg8 24. Bd3 R8g6 25. Rxg5 Rxg5 26. Ne2 Bc4 27. Qh3 Bxd3 28. Qxd3 Qc4 0-1

[Event "Late-Titled-Tuesday-Blitz-November-28-2023"]
[Site "Chess.com"]
[Date "2023.11.28"]
[Round "9"]
[White "reevecanada"]
[Black "liwadas82"]
[Result "1-0"]
[WhiteElo "2615"]
[BlackElo "2369"]
[TimeControl "180+1"]
[EndTime "15:40:02 PST"]
[Termination "reevecanada won on time"]

1. d4 Nf6 2. Bf4 e6 3. e3 b6 4.
c3 Bd6 5. Bg3 Bxg3 6. hxg3 h6 7.
g4 g5 8. Nf3 Nxg4 9. Nbd2 Bb7 10.
Bd3 d6 11. Ne4 Nd7 12. Nfxg5 Ngf6 13. Qf3 Bxe4 14. Bxe4 d5 15. Bd3 Qe7 16. Nh3 O-O-O 17. O-O-O Kb8 18. c4 e5 19. Qf5 exd4 20. exd4 dxc4 21.
Bxc4 Qb4 22. Qb5 Qxb5 23. Bxb5 Nf8 24. Bc6 Ne6 25. d5 Nc5 26. f3 Ncd7 27. Rde1 Nc5 28. Nf4 Rd6 29. b4 Ncd7 30. Re7 a5 31. a3 Rd8 32.
Rxh6 Nf8 33. Rxf7 Ng8 34. Rxd6 cxd6 35. bxa5 bxa5 36. Kb2 Nh6 37. Rb7+ Kc8 38. Kb3 Nf5 39. Kc4 Ne3+ 40. Kb5 Nd7 41. Ne6 Re8 42. Rc7+ Kb8 43. Rxd7 1-0

[Event "Late-Titled-Tuesday-Blitz-November-28-2023"]
[Site "Chess.com"]
[Date "2023.11.28"]
[Round "9"]
[White "C_K_G"]
[Black "LaGuayabaAlbizuista"]
[Result "1-0"]
[WhiteElo "2181"]
[BlackElo "1984"]
[TimeControl "180+1"]
[EndTime "15:40:05 PST"]
[Termination "C_K_G won on time"]

1. e4 e6 2. Nf3 d5 3. Nc3 Nf6 4. e5 Nfd7 5. d4 c5 6. Bg5 Qb6 7. dxc5 Qxb2 8. Nb5 Na6 9. Rb1 Qxa2 10. Bd2 Bxc5 11. Bd3 Qa4 12. h3 Nb4 13. Nc7+ Kf8 14.
Nxa8 Nxd3+ 15. cxd3 Qc6 16. d4 Bb6 17. O-O Nb8 18.
Nxb6 axb6 19. Rc1 Qd7 20. Bb4+ Kg8 21. Bd6 Nc6 22. Qb3 h5 23. Qxb6 1-0

[Event "Late-Titled-Tuesday-Blitz-November-28-2023"]
[Site "Chess.com"]
[Date "2023.11.28"]
[Round "9"]
[White "Kostukov_Alex"]
[Black "VladimirBugayev"]
[Result "1-0"]
[WhiteElo "2356"]
[BlackElo "2303"]
[TimeControl "180+1"]
[EndTime "15:40:09 PST"]
[Termination "Kostukov_Alex won by resignation"]

1. g3 c5 2. Bg2 g6 3. c4 Bg7 4. Nf3 d6 5. O-O Nc6 6. Nc3 e5 7. d3 Nge7 8. Bd2 O-O 9. a3 a5 10. Ne1 Be6 11. Nc2 d5 12. cxd5 Nxd5 13. Ne3 Nb6 14. Na4 Nd4 15. Nxc5 a4 16. Nxe6 fxe6 17.
Bxb7 Ra7 18. Bg2 Nb3 19. Bb4 Rff7 20. Rb1 Nd5 21. Nc4 Nxb4 22. axb4 Qb8 23. b5 Bf8 24. b6 Rad7 25. Bc6 Rd4 26. Bxa4 Nc5 27. Bc6 e4 28. b4 Nb7 29. Bxe4 Nd6 30. Nxd6 Qxd6 31. b7 Qb8 32. e3 Rxe4 33. dxe4 Qxb7 34. Qg4 e5 35. b5 Bc5 36. b6 Rf6 37. Rfc1 Rxb6 38. Rxb6 Bxb6 39. Qe6+ Kf8 40. Rb1 Qc7 41. Qxb6 1-0

[Event "Late-Titled-Tuesday-Blitz-November-28-2023"]
[Site "Chess.com"]
[Date "2023.11.28"]
[Round "9"]
[White "KorolDimitriy75"]
[Black "Elbebiber"]
[Result "1-0"]
[WhiteElo "2297"]
[BlackElo "2139"]
[TimeControl "180+1"]
[EndTime "15:40:12 PST"]
[Termination "KorolDimitriy75 won by resignation"]

1. d4 Nf6 2. c4 e6 3. Nc3 Bb4 4.
Qc2 O-O 5. e4 d5 6. cxd5 exd5 7.
e5 Ne4 8. Bd3 c5 9. Ne2 cxd4 10.
Nxd4 Nd7 11. f4 Qh4+ 12. g3 Qh5 13. Be2 Qh3 14. Bf1 Qh5 15. Bg2 Nb6 16. O-O Bc5 17. Nb5 Bf5 18. Bxe4 Bxd4+ 19. Nxd4 Bxe4 20. Qe2 Rac8 21. Qxh5 1-0

[Event "Late-Titled-Tuesday-Blitz-November-28-2023"]
[Site "Chess.com"]
[Date "2023.11.28"]
[Round "9"]
[White "DvaHrasta"]
[Black "tantaan"]
[Result "0-1"]
[WhiteElo "2487"]
[BlackElo "2395"]
[TimeControl "180+1"]
[EndTime "15:40:19 PST"]
[Termination "tantaan won on time"]

1. c4 Nf6 2. g3 e6 3. Bg2 d5 4. Nf3 Be7 5. O-O c6 6. d4 Nbd7 7. Ne5 O-O 8. f4 a5 9. Nc3 Nb6 10. b3 Nfd7 11. e4 Nxe5 12. fxe5 dxc4 13. bxc4 Nxc4 14.
h4 b5 15. Kh2 b4 16. Ne2 c5 17. d5 Nxe5 18. Bf4 Ng4+ 19. Kh1 e5 20. Bd2 Bxh4 21. Qb3 Bg5 22. Nf4 exf4 23. gxf4 Bh6 24. Qg3 c4 25. Rad1 c3 26. Bc1 Qf6 27. e5 Qg6 28. Bh3 Nxe5 29. Qxg6 Nxg6 30. Bxc8 Raxc8 31. f5 Bxc1 32. fxg6 Bd2 0-1

[Event "Late-Titled-Tuesday-Blitz-November-28-2023"]
[Site "Chess.com"]
[Date "2023.11.28"]
[Round "9"]
[White "Mikhal867"]
[Black "Matthew_Clarke"]
[Result "0-1"]
[WhiteElo "2392"]
[BlackElo "2271"]
[TimeControl "180+1"]
[EndTime "15:40:25 PST"]
[Termination "Matthew_Clarke won by resignation"]

1. d4 Nf6 2. c4 e6 3. g3 d5 4. Bg2 Be7 5. Nf3 O-O 6. O-O dxc4 7. Qc2 a6 8. a4 Bd7 9. a5 Bc6 10. Nbd2 Nbd7 11. Nxc4 Be4 12. Qb3 c5 13. Rd1 cxd4 14.
Rxd4 Nc5 15. Qe3 Nd5 16. Rxd5 exd5 17. Nb6 Rb8 18. b4 Bf6 19. Ra3 Ne6 20. Qb3 Qc7 21. Bb2 d4 22. Ra1 Rbd8 23. Rd1 Bc2 0-1

[Event "Late-Titled-Tuesday-Blitz-November-28-2023"]
[Site "Chess.com"]
[Date "2023.11.28"]
[Round "9"]
[White "PowerThinking2650"]
[Black "temiksmozg"]
[Result "0-1"]
[WhiteElo "2477"]
[BlackElo "2599"]
[TimeControl "180+1"]
[EndTime "15:40:26 PST"]
[Termination "temiksmozg won on time"]

1. e4 h6 2. d4 a6 3. c4 g6 4. Nc3 b6 5. f4 Bb7 6. Nf3 Bg7 7.
Bd3 d6 8. e5 c5 9. d5 dxe5 10.
fxe5 g5 11. e6 fxe6 12. O-O Nf6 13. Bg6+ Kf8 14. dxe6 Qxd1 15. Rxd1 Nc6 16. Na4 g4 17. Nh4 Nd4 18. Nxb6 Rd8 19. Bf5 Ne2+ 20. Kf2 Rxd1 21. Kxe2 Rg1 22. b3 Ne4 23. Ng6+ Ke8 24. Bxe4 Bxe4 25. Bb2 Rxg2+ 26. Ke3 Bxb2 27. Nxh8 Bxa1 28. Kxe4 Bxh8 29. Kd5 Rxh2 30. Kxc5 g3 0-1

[Event "Late-Titled-Tuesday-Blitz-November-28-2023"]
[Site "Chess.com"]
[Date "2023.11.28"]
[Round "9"]
[White "Perecke"]
[Black "Goryachkina"]
[Result "0-1"]
[WhiteElo "2496"]
[BlackElo "2654"]
[TimeControl "180+1"]
[EndTime "15:40:27 PST"]
[Termination "Goryachkina won by resignation"]

1. e4 c5 2. Nf3 e6 3. d4 cxd4 4.
Nxd4 Nc6 5. Nc3 Bc5 6. Ndb5 Nf6 7. Nd6+ Ke7 8. Bf4 e5 9. Nf5+ Kf8 10. Bg5 d6 11.
Bc4 Be6 12. Bd5 h6 13. Bxf6 Qxf6 14. O-O g6 15. Bxe6 Qxe6 16. Ne3 Kg7 17. Ned5 Rac8 18. Ne2 Rhf8 19. c3 a6 20. Qd3 f5 21. exf5 gxf5 22.
Rad1 Rf7 23. Ng3 Kh8 24. Ne3 f4 25. b4 Ba7 26. Ne4 fxe3 27. Nxd6 exf2+ 28. Kh1 Rd8 29. Nxf7+ Qxf7 30. Qe2 Rxd1 31. Rxd1 Qf5 32. h3 e4 33. c4 Nd4 0-1

[Event "Late-Titled-Tuesday-Blitz-November-28-2023"]
[Site "Chess.com"]
[Date "2023.11.28"]
[Round "9"]
[White "Gyulamiryan-koryun"]
[Black "MeesvanOsch"]
[Result "0-1"]
[WhiteElo "1988"]
[BlackElo "2429"]
[TimeControl "180+1"]
[EndTime "15:40:27 PST"]
[Termination "MeesvanOsch won on time"]

1. e4 e6 2. d4 d5 3. Nd2 Nf6 4. e5 Nfd7 5. Bd3 c5 6. Ne2 Nc6 7. Nf3 cxd4 8. Nexd4 Nxd4 9. Nxd4 Nxe5 10. Bb5+ Bd7 11. f4 Bxb5 12. Nxb5 Nc4 13. O-O Qb6+ 14.
Nd4 Bc5 15. c3 O-O 16. Kh1 a5 17. a4 Bxd4 18. Qxd4 Qxd4 19. cxd4 Rfc8 20. b3 Nd6 21.
Ba3 Ne4 22. f5 Nd2 23. Rf2 Nxb3 24. Rb1 Nxd4 25. fxe6 fxe6 26. h3 Rc7 27. Bd6 Rd7 28. Be5 Nc6 29. Ba1 d4 30. Rfb2 d3 31. Rd2 e5 32.
Kg1 e4 33. Kf2 Nb4 34. Ke3 Re8 0-1

[Event "Late-Titled-Tuesday-Blitz-November-28-2023"]
[Site "Chess.com"]
[Date "2023.11.28"]
[Round "9"]
[White "alexrustemov"]
[Black "Hilary46"]
[Result "1-0"]
[WhiteElo "2838"]
[BlackElo "2631"]
[TimeControl "180+1"]
[EndTime "15:40:30 PST"]
[Termination "alexrustemov won by resignation"]

1. d4 d5 2. c4 e6 3. Nf3 Nf6 4. Nc3 c6 5. e3 Nbd7 6. Qc2 Bd6 7. Bd2 O-O 8. O-O-O b5 9. e4 dxe4 10. Nxe4 Nxe4 11.
Qxe4 bxc4 12. Bxc4 Nf6 13. Qc2 a5 14. Kb1 a4 15. a3 Qb6 16. Ka2 Ba6 17. Rb1 Rfb8 18. Rhc1 Bxc4+ 19. Qxc4 Qb3+ 20. Ka1 Nd5 21. Qxb3 axb3 22.
Rxc6 Bb4 23. Rd1 h6 24. Kb1 Bf8 25. Rdc1 Ra4 26. R1c4 Raa8 27. Ne5 Ne7 28. Rc7 f6 29. Nc6 Nxc6 30. R4xc6 Re8 31. Bc3 Rab8 32. Kc1 g5 33. Kd2 Bg7 34. Kd3 f5 35. Kc4 e5 36. Rg6 e4 1-0

[Event "Late-Titled-Tuesday-Blitz-November-28-2023"]
[Site "Chess.com"]
[Date "2023.11.28"]
[Round "9"]
[White "MaxLeto"]
[Black "GMJustin"]
[Result "1-0"]
[WhiteElo "2526"]
[BlackElo "2307"]
[TimeControl "180+1"]
[EndTime "15:40:34 PST"]
[Termination "MaxLeto won by resignation"]

1. g4 h5 2. g5 h4 3. d4 g6 4. c4 Bg7 5. Nc3 c5 6. d5 d6 7. e4 e6 8. Be3 Ne7 9. Qd2 exd5 10. cxd5 Na6 11. f4 Nc7 12. h3 a6 13. a4 Rb8 14. a5 b5 15. axb6 Rxb6 16. Nf3 Nb5 17. Bc4 Bd7 18. Kf2 Qb8 19. Ra2 Nxc3 20. bxc3 Bb5 21.
Qd3 Bxc4 22. Qxc4 Rb2+ 23. Rxb2 Qxb2+ 24. Nd2 Qb5 25. Rb1 Qxc4 26. Nxc4 Nc8 27. Rb8 Kd7 28. Rb7+ Ke8 29. e5 1-0

[Event "Late-Titled-Tuesday-Blitz-November-28-2023"]
[Site "Chess.com"]
[Date "2023.11.28"]
[Round "9"]
[White "Hirna2005"]
[Black "Redzishchess"]
[Result "1-0"]
[WhiteElo "2353"]
[BlackElo "2458"]
[TimeControl "180+1"]
[EndTime "15:40:35 PST"]
[Termination "Hirna2005 won on time"]

1. e4 c5 2. c3 e5 3. Nf3 Nc6 4. Bc4 Nf6 5. d3 d5 6. exd5 Nxd5 7. O-O Be7 8. Re1 f6 9. d4 Nb6 10. Bb5 exd4 11. cxd4 O-O 12. Qb3+ Kh8 13. dxc5 Bxc5 14.
Nc3 Bg4 15. Ne4 Bb4 16. Rd1 Qe7 17. Ng3 Rad8 18. Bf4 Bxf3 19. Qxf3 Nd4 20. Qd3 Ne6 21. Qf3 Nxf4 22. Qxf4 a6 23. Bf1 Bd6 24. Qg4 Bxg3 25. hxg3 Qe5 26. Qb4 Qe6 27. Rd2 Rxd2 28. Qxf8+ Qg8 29.
Qb4 1-0

[Event "Late-Titled-Tuesday-Blitz-November-28-2023"]
[Site "Chess.com"]
[Date "2023.11.28"]
[Round "9"]
[White "eljanov"]
[Black "joppie2"]
[Result "0-1"]
[WhiteElo "2879"]
[BlackElo "3002"]
[TimeControl "180+1"]
[EndTime "15:40:39 PST"]
[Termination "joppie2 won on time"]

1. Nf3 d5 2. g3 Nd7 3. d4 Nb6 4. Nc3 h6 5. a4 a5 6. Ne5 Bf5 7. f3 Nf6 8. Bg2 e6 9. e4 Bh7 10. O-O Bb4 11. Ne2 O-O 12. c3 Be7 13. exd5 exd5 14.
g4 Nc4 15. Ng3 Re8 16. f4 Nd6 17. g5 Nfe4 18. Qg4 f5 19. Qh5 Kh8 20. Bxe4 dxe4 21. g6 Bg8 22. Nxf5 Nxf5 23. Qxf5 Bd5 24. Qh5 Kg8 25.
f5 Bf6 26. Ng4 e3 27. Bxe3 Qe7 28. Rf4 Bg5 29. f6 gxf6 30. Raf1 f5 31. Bd2 fxg4 0-1

[Event "Late-Titled-Tuesday-Blitz-November-28-2023"]
[Site "Chess.com"]
[Date "2023.11.28"]
[Round "9"]
[White "lluiss"]
[Black "kleber2007"]
[Result "0-1"]
[WhiteElo "2204"]
[BlackElo "2394"]
[TimeControl "180+1"]
[EndTime "15:40:43 PST"]
[Termination "kleber2007 won by resignation"]

1. Nf3 c5 2. c4 g6 3. d4 cxd4 4.
Nxd4 Nc6 5. e4 Nf6 6. Nc3 d6 7. Be2 Nxd4 8. Qxd4 Bg7 9. Be3 O-O 10.
Qd2 a5 11. f3 a4 12. O-O-O Be6 13. Kb1 Qa5 14. Nd5 Bxd5 15. cxd5 Nd7 16. Qxa5 Rxa5 17. Rc1 Nc5 18. Rc4 b5 19. Rb4 Rb8 20. Rc1 Na6 21.
Bd2 Nxb4 22. Bxb4 Ra7 23. Rc6 Be5 24. g3 g5 25. Bd2 h6 26. f4 gxf4 27. gxf4 Bd4 28.
e5 dxe5 29. fxe5 Bxe5 30. Rxh6 Bg7 31. Rh5 Ra6 32. Rg5 Rg6 33. Rf5 Rg2 0-1

[Event "Late-Titled-Tuesday-Blitz-November-28-2023"]
[Site "Chess.com"]
[Date "2023.11.28"]
[Round "9"]
[White "Koksal06"]
[Black "ameetghasi100"]
[Result "0-1"]
[WhiteElo "2628"]
[BlackElo "2817"]
[TimeControl "180+1"]
[EndTime "15:40:47 PST"]
[Termination "ameetghasi100 won on time"]

1. c4 g6 2. Nc3 Bg7 3. d4 d6 4. e4 Nf6 5. Nf3 O-O 6. Be2 Nc6 7. O-O Bg4 8. Be3 Nd7 9. d5 Bxf3 10. Bxf3 Na5 11. Be2 c5 12. Rc1 a6 13. f4 Qc7 14.
Kh1 Rab8 15. a4 e6 16. dxe6 fxe6 17. Bd3 Nc6 18. f5 Nde5 19. Bg5 Nd4 20. f6 Bh8 21.
Ne2 Rf7 22. Nxd4 cxd4 23. Bb1 Qc5 24. b4 Qxb4 25. Qxd4 Rbf8 26. h3 Bxf6 27. Bxf6 Rxf6 28. Rxf6 Rxf6 29. Rd1 Qc5 30. Qd2 Kg7 0-1

[Event "Late-Titled-Tuesday-Blitz-November-28-2023"]
[Site "Chess.com"]
[Date "2023.11.28"]
[Round "9"]
[White "SmirnovTimofey2000"]
[Black "Yushko_Olga"]
[Result "0-1"]
[WhiteElo "2042"]
[BlackElo "2143"]
[TimeControl "180+1"]
[EndTime "15:40:47 PST"]
[Termination "Yushko_Olga won on time"]

1. d4 e6 2. Bf4 f5 3. e3 Nf6 4.
Nf3 Be7 5. Nbd2 O-O 6. Be2 d6 7. c3 Qe8 8. Qc2 Qg6 9. Rg1 Nc6 10.
O-O-O Ng4 11. Rdf1 e5 12. dxe5 dxe5 13. Bg3 e4 14. Nh4 Qg5 15. Bxg4 Qxg4 16. h3 Qh5 17. Qd1 Qh6 18. Qb3+ Kh8 19. Qd5 Bxh4 20. Bxh4 Qxh4 21. g3 Qf6 22. g4 Be6 23. Qc5 Qe5 24. Qa3 f4 25. exf4 Rxf4 26. Re1 Qd6 27. Qa4 Ne5 28. Rxe4 Nd3+ 29. Kb1 Nxf2 30. Rxf4 Qxd2 31. Rf1 Qd3+ 32.
Ka1 Qxf1+ 0-1

[Event "Late-Titled-Tuesday-Blitz-November-28-2023"]
[Site "Chess.com"]
[Date "2023.11.28"]
[Round "9"]
[White "ckgchess"]
[Black "Njal28"]
[Result "0-1"]
[WhiteElo "2876"]
[BlackElo "3013"]
[TimeControl "180+1"]
[EndTime "15:40:51 PST"]
[Termination "Njal28 won by checkmate"]

1. e4 e5 2. Nf3 Nc6 3. Bc4 Nf6 4. d3 d5 5. exd5 Nxd5 6. O-O Nb6 7. Bb3 Bg4 8. h3 Bh5 9. Re1 Be7 10. g4 Bg6 11. Nxe5 Nxe5 12. Rxe5 O-O 13. Nc3 Kh8 14. Qf3 Bd6 15. Re1 f5 16. g5 f4 17. h4 Nd7 18.
d4 c5 19. Re6 Bc7 20. Nd5 cxd4 21. Bxf4 Bxf4 22. Nxf4 Bf5 23. Rd6 Ne5 24. Qd5 Nf3+ 25. Kf1 Qe7 26. Ne6 Bh3+ 27. Ke2 Rae8 28. Kd3 Bf5+ 29.
Ke2 d3+ 30. Kf1 Bh3# 0-1